Map: Acropolis LE

Players

Hellraiser - Winner!

  • Race: Protoss Protoss
  • Spawn Location: 11:00

hinO

  • Race: Zerg Zerg
  • Spawn Location: 5:00

Event: 2019 WCS Summer

VOD

Have the link to the VOD?

Description

Time

  • Played on: July 12, 2019, 9:37 a.m.
  • Length: 10:24

All games in this series

Show
View Real Time Build Order
Export as new Build Order

Hellraiser Protoss - Winner!

Build Orders: 1 Gate Expand, Oracle Opening, Colossus Rush 

Get SALT Encoding   

  12  0:00  Probe  
  13  0:12  Probe  
  14  0:20  Pylon  
  14  0:23  Probe  
  15  0:34  Probe  
  15  0:38  Gateway  
  16  0:43  Probe  
  16  0:48  Assimilator  
  17  0:55  Probe  
  18  1:07  Probe  
  19  1:21  Nexus  
  19  1:24  Probe  
  20  1:34  Cybernetics Core  
  20  1:37  Probe  
  21  1:43  Assimilator  
  21  1:49  Probe  
  22  1:54  Pylon  
  22  2:01  Probe  
  22  2:02  Adept  
  23  2:09  Probe  
  26  2:17  Probe  
  27  2:23  Stargate  
  27  2:28  Probe  
  28  2:30  Probe  
  28  2:32  Stalker  
  31  2:38  Probe  
  31  2:40  Probe, Warp Gate  
  33  2:50  Probe  
  34  2:52  Probe  
  34  2:58  Oracle  
  35  3:02  Probe  
  35  3:04  Probe  
  40  3:14  Probe  
  40  3:16  Probe  
  42  3:21  Pylon  
  42  3:24  Gateway  
  42  3:26  Probe  
  43  3:27  Shield Battery  
  43  3:28  Probe  
  43  3:31  Oracle  
  43  3:33  Assimilator  
  44  3:35  Assimilator  
  44  3:38  Probe  
  44  3:40  Probe  
  49  3:50  Probe, Pylon  
  49  3:53  Probe  
  51  3:58  Robotics Facility  
  51  4:02  Probe, Oracle  
  52  4:05  Probe  
  53  4:14  Probe  
  53  4:15  Pylon  
  57  4:17  Probe  
  57  4:21  Forge  
  58  4:26  Probe  
  58  4:28  Adept  
  58  4:29  Probe  
  62  4:33  Oracle  
  62  4:34  Adept  
  64  4:38  Probe  
  64  4:41  Probe  
  69  4:47  Observer  
  69  4:49  Pylon  
  69  4:51  Nexus  
  70  4:56  Pylon  
  70  5:03  Pylon  
  70  5:07  Probe x2, Robotics Bay  
  70  5:08  Immortal  
  70  5:11  Protoss Ground Weapons Level 1  
  71  5:16  Pylon  
  71  5:20  Probe  
  76  5:25  Sentry, Zealot  
  76  5:26  Probe  
  81  5:32  Probe  
  82  5:38  Probe  
  80  5:44  Probe  
  80  5:45  Colossus  
  78  5:50  Probe  
  78  5:53  Sentry x2  
  78  5:55  Phoenix  
  78  5:56  Probe, Shield Battery  
  90  5:58  Photon Cannon  
  90  6:02  Probe  
  93  6:06  Probe, Assimilator  
  93  6:08  Probe  
  93  6:09  Assimilator  
  95  6:15  Gateway  
  95  6:16  Gateway  
  97  6:20  Twilight Council  
  97  6:21  Probe x2  
  97  6:23  Probe  
  98  6:26  Colossus  
  98  6:31  Extended Thermal Lance  
  98  6:33  Probe  
  98  6:34  Probe  
  100  6:46  Gateway  
  106  6:47  Gateway  
  106  6:55  Pylon x2  
  106  6:56  Blink  
  106  6:58  Probe x2  
  108  7:01  Shield Battery  
  108  7:02  Shield Battery  
  108  7:07  Protoss Ground Weapons Level 2  
  108  7:11  Colossus  
  108  7:14  Stalker x4  
  116  7:20  Pylon  
  116  7:22  Pylon  
  122  7:33  Photon Cannon  
  122  7:36  Shield Battery  
  122  7:42  Stalker x4  
  130  7:47  Pylon  
  130  7:50  Photon Cannon  
  130  7:57  Warp Prism  
  130  8:01  Pylon  
  130  8:04  Pylon  
  132  8:09  Stalker x4  
  140  8:28  Stalker x2  
  140  8:32  Gateway  
  144  8:34  Gateway  
  144  8:36  Pylon  
  144  8:41  Stalker x2  
  144  8:42  Stalker x2  
  144  8:46  Nexus  
  152  8:57  Stalker x2  
  156  9:04  Stalker x2  
  156  9:05  Stalker x2  
  156  9:08  Probe x2  
  159  9:10  Pylon  
  151  9:18  Probe  
  151  9:20  Probe  
  151  9:23  Stalker  
  151  9:24  Stalker  
  157  9:30  Stalker  
  159  9:34  Stalker x5, Immortal  
  157  9:52  Templar Archives  
  155  9:56  Stalker  
  155  9:57  Sentry x2  
  155  9:58  Sentry x5  
  171  10:01  Probe x2  
  171  10:05  Assimilator  
  171  10:06  Probe  
  174  10:09  Probe  
  174  10:10  Assimilator  
  167  10:20  Stalker x3  
  167  10:21  Stalker  
Show
View Real Time Build Order
Export as new Build Order

hinO Zerg 

Build Orders: Hatch First 

Get SALT Encoding   

  12  0:00  Drone  
  13  0:13  Overlord  
  13  0:19  Drone  
  14  0:31  Drone x2  
  16  0:49  Hatchery  
  15  0:52  Drone  
  15  0:56  Drone  
  17  0:59  Drone  
  18  1:09  Extractor  
  17  1:15  Spawning Pool  
  17  1:17  Drone  
  17  1:23  Drone  
  18  1:29  Drone  
  19  1:49  Hatchery  
  19  1:50  Drone  
  19  1:55  Drone  
  20  2:04  Queen  
  22  2:09  Drone  
  22  2:13  Zergling x2  
  22  2:14  Zergling x2  
  25  2:17  Drone  
  26  2:23  Overlord  
  26  2:26  Drone  
  27  2:35  Drone  
  27  2:36  Metabolic Boost  
  28  2:44  Queen  
  28  2:46  Drone x2  
  32  2:51  Drone  
  32  2:54  Zergling x2  
  32  2:55  Zergling x2  
  35  3:01  Drone  
  36  3:09  Drone x2  
  36  3:12  Drone x2  
  39  3:14  Overlord  
  39  3:17  Drone  
  39  3:18  Drone x2  
  41  3:32  Queen, Overlord  
  41  3:34  Drone x3  
  46  3:39  Drone x2  
  48  3:43  Spore Crawler  
  48  3:44  Spore Crawler x2  
  48  3:46  Drone  
  48  3:47  Drone x2  
  48  3:51  Drone  
  48  3:52  Drone  
  50  3:56  Drone x2  
  50  3:58  Spore Crawler  
  50  3:59  Drone, Extractor  
  50  4:00  Spore Crawler  
  50  4:06  Spore Crawler  
  50  4:13  Overlord x2  
  53  4:17  Roach Warren  
  53  4:18  Extractor x2  
  53  4:19  Extractor  
  49  4:26  Evolution Chamber, Overlord  
  49  4:27  Drone  
  49  4:30  Lair  
  49  4:33  Drone x3  
  49  4:35  Drone x3  
  54  4:38  Drone  
  54  4:42  Drone x2  
  54  4:44  Drone x3  
  57  4:49  Drone  
  58  4:54  Zerg Missile Weapons Level 1  
  58  4:55  Drone x5  
  58  4:59  Drone  
  64  5:01  Drone  
  64  5:03  Drone x2  
  67  5:09  Drone x2  
  67  5:11  Extractor  
  67  5:12  Drone, Extractor  
  68  5:15  Roach x3  
  68  5:17  Overlord  
  74  5:22  Overlord  
  74  5:24  Overlord  
  74  5:28  Overlord  
  74  5:30  Glial Reconstitution  
  74  5:37  Drone  
  74  5:38  Drone x2  
  74  5:39  Drone x3  
  74  5:42  Drone x4  
  74  5:43  Drone x2  
  74  5:48  Drone  
  72  5:51  Drone x2  
  73  5:57  Roach x3  
  73  6:02  Drone x3  
  82  6:04  Queen  
  82  6:11  Drone x3  
  87  6:14  Overlord  
  87  6:15  Roach  
  87  6:16  Roach  
  87  6:17  Ravager x2  
  93  6:19  Overseer  
  93  6:24  Roach x3  
  99  6:29  Roach  
  99  6:30  Roach x2  
  105  6:34  Overlord  
  105  6:35  Ravager  
  105  6:36  Overseer  
  106  6:40  Drone  
  111  6:47  Roach x3  
  111  6:52  Hatchery, Overlord x2  
  111  6:54  Roach  
  114  7:06  Overlord  
  114  7:09  Overlord  
  114  7:14  Roach x8  
  130  7:19  Zerg Missile Weapons Level 2  
  130  7:20  Overlord x2  
  129  7:27  Infestation Pit, Drone x4  
  127  7:31  Drone x2  
  127  7:33  Hydralisk Den  
  127  7:35  Drone  
  123  7:39  Zergling x6  
  123  7:40  Drone  
  123  7:42  Drone  
  126  7:46  Drone  
  126  7:49  Drone x2  
  126  7:50  Drone, Baneling Nest  
  129  7:53  Drone  
  129  7:54  Zergling x2  
  129  7:56  Ravager x3  
  134  7:59  Extractor  
  134  8:00  Drone, Extractor  
  134  8:04  Hydralisk x6  
  145  8:06  Grooved Spines  
  145  8:07  Zergling x2  
  145  8:08  Zergling x4  
  145  8:11  Spore Crawler  
  147  8:17  Drone x3  
  147  8:18  Zergling x2  
  147  8:19  Zergling x6  
  154  8:24  Hydralisk  
  156  8:27  Hive  
  156  8:30  Zergling x6  
  156  8:31  Lurker Den  
  156  8:34  Hydralisk x3, Zergling x2  
  159  8:39  Baneling x10  
  166  8:44  Centrifical Hooks  
  166  8:46  Zergling x4  
  165  8:52  Zergling x14  
  165  8:55  Overlord x2  
  159  9:04  Hydralisk  
  159  9:05  Hydralisk x3, Zergling x2  
  152  9:10  Hydralisk x2  
  152  9:11  Hydralisk  
  152  9:17  Zergling x10  
  152  9:19  Ravager x3  
  158  9:29  Zergling x10  
  158  9:38  Zergling x10  
  158  9:43  Zergling x4  
  142  9:53  Zergling x8  
  142  9:59  Ravager x2  
  146  10:00  Zergling x4  
  146  10:01  Baneling  
  146  10:02  Baneling x4  
  154  10:08  Ultralisk Cavern  
Tags
 
Add a new tag
Caveats
  • Supply blocks, unpowered buildings, or Contaminate may cause inaccurate times.
  • Supply counts are checked every 10 seconds.